 Dungeon Crawl Stone Soup version 0.13.1-22-g086cdba (webtiles) character file.

2413 anp the Cleaver (level 9, -1/115 HPs)
             Began as a Minotaur Berserker on Jan 2, 2014.
             Was a High Priest of Trog.
             Shot with an arrow by a centaur (4 damage)
             ... on Level 8 of the Dungeon on Jan 3, 2014.
             The game lasted 00:45:25 (9540 turns).

anp the Cleaver (Minotaur Berserker)                Turns: 9540, Time: 00:45:25

HP  -1/115       AC  4     Str 30      XL: 9   Next:  2%
MP   1/1         EV 16     Int  4      God: Trog [*****.]
Gold 401         SH  0     Dex 12      Spells:  0 memorised,  8 levels left

Res.Fire  : . . .   See Invis. : .   R - +1 dwarf war axe (antimagic)
Res.Cold  : + . .   Warding    : .   S - +1 orc robe {MR+}
Life Prot.: . . .   Conserve   : +   (no shield)
Res.Poison: +       Res.Corr.  : .   (helmet restricted)
Res.Elec. : .       Clarity    : .   (no cloak)
Sust.Abil.: . .     Spirit.Shd : .   s - +0 pair of elf gauntlets
Res.Mut.  : .       Stasis     : .   (no boots)
Res.Rott. : .       Flight     : .   k - amulet of conservation
Saprovore : . . .                    D - ring of protection from cold
                                     g - ring of poison resistance

@: berserking, very quick, somewhat resistant to hostile enchantments, extremely
unstealthy
A: retaliatory headbutt, horns 2, Dex +2
a: Burn Spellbooks, Berserk, Trog's Hand, Brothers in Arms, Renounce Religion


You were on level 8 of the Dungeon.
You worshipped Trog.
Trog was extremely pleased with you.
You were not hungry.

You visited 1 branch of the dungeon, and saw 8 of its levels.
You also visited: Sewer.

You collected 381 gold pieces.

Inventory:

Hand weapons
 a - a +1,+1 hand axe {=f}
 h - a +0,+0 war axe
 A - a +0,+0 hand axe (quivered)
 F - a +1,+1 bow of flame
 M - the +4,+9 long sword of Shezinin {slice, rPois SInv, unknown}
   (You found it on level 5 of the Dungeon)

   It inflicts extra damage upon your enemies.
   It protects you from poison.
   It enhances your eyesight.
 R - a +1,+1 dwarven anti-magic war axe (weapon)
Missiles
 f - 19 poisoned needles
 I - 14 arrows
Armour
 b - a +0 animal skin
 s - a +0 pair of elven gauntlets (worn)
 t - a +0 elven ring mail
 z - a +0 golden helmet
 B - a +0 robe of cold resistance
 C - a +0 animal skin
 L - the +3 robe of Too Many Cooks {+Blink Acc+3, unknown}
   (You found it on level 5 of the Dungeon)

   It affects your accuracy (+3).
   It lets you blink.
 Q - a +0 dwarven plate armour
 S - a +1 orcish robe of magic resistance (worn)
Magical devices
 n - a wand of cold (8) {unknown}
 x - a wand of lightning (7) {unknown}
 K - a wand of invisibility (4) {unknown}
 P - a wand of magic darts (6) {unknown}
 T - a wand of frost (16) {unknown}
Comestibles
 d - a bread ration
 j - an orange
 v - a choko
 V - a meat ration
Scrolls
 i - 3 scrolls of teleportation
 p - 3 scrolls of noise
 r - a scroll of random uselessness
 u - 6 scrolls of remove curse
 y - 2 scrolls of blinking
 J - 2 scrolls of fog
 N - 3 scrolls of magic mapping {unknown}
 U - a scroll of curse weapon {unknown}
 W - a scroll of recharging {unknown}
 Y - a scroll of identify
Jewellery
 c - an uncursed amulet of resist mutation
 g - a ring of poison resistance (left hand)
 k - an amulet of conservation (around neck)
 l - an uncursed ring of ice {unknown}
 w - an uncursed amulet of rage {unknown}
 D - a ring of protection from cold (right hand)
 O - an uncursed amulet of resist corrosion
Potions
 e - 2 potions of degeneration
 m - a potion of berserk rage {unknown}
 o - 8 potions of heal wounds
 q - 7 potions of curing
 E - a potion of invisibility {unknown}
 G - 2 potions of flight {unknown}
 H - a potion of might {unknown}
 X - a potion of brilliance {unknown}
 Z - a potion of agility


   Skills:
 + Level 7.2 Fighting
 + Level 8.7 Axes
 + Level 2.7 Armour
 + Level 8.3 Dodging
 + Level 3.0 Stealth


You had 8 spell levels left.
You didn't know any spells.

Dungeon Overview and Level Annotations

Branches:
Dungeon (8/27)             Temple (0/1) D:7
    Orc: D:6-11        Lair: D:8-13

Altars:
Nemelex Xobeh


Innate Abilities, Weirdness & Mutations

You reflexively headbutt those who attack you in melee.
You have a pair of horns on your head.
You are agile. (Dex +2)


Message History

The orc closely misses you. Edmund hits you with a runed flail.
* * * LOW HITPOINT WARNING * * *
The centaur shoots an arrow.
The arrow misses you.
You are too berserk!
You are too berserk!
You slice Edmund!!
You feel the power of Trog in you as your rage grows.
You kill Edmund!
Trog accepts your kill.
Your Stealth skill increases to level 3!
You have reached level 9!
Your experience leads to an increase in your attributes!
Increase (S)trength, (I)ntelligence, or (D)exterity?
You feel stronger.
The centaur shoots an arrow.
The arrow hits you!
* * * LOW HITPOINT WARNING * * *
The centaur shoots an arrow of flame.
The arrow of flame hits you!
* * * LOW HITPOINT WARNING * * *
The centaur shoots an arrow.
The arrow hits you!
You die...

#.#<.#.#
#.##.#.#
#.##.#.#
#......#
#....###
#.####
#.####
#....#####
#@≈≈≈≈≈≈≈≈
#)§≈§§≈≈c≈
.o≈§≈≈≈≈≈
#§.§≈≈§≈≈≈
#.§≈§≈≈§≈≈
..§≈≈≈≈cc
#..≈≈≈≈≈
#.#≈≈≈≈ .
≈


You could see a centaur and an orc.

Vanquished Creatures
  Edmund (D:8)
  The ghost of Nicoed the Ducker, an average DsFi (D:3)
  2 big kobolds (Sewer)
  A water moccasin (D:5)
  A centaur (D:5)
  A giant frog (D:7)
  A jelly (D:7)
  A cyclops skeleton (D:7)
  5 crimson imps
  2 hounds
  2 orc priests
  A centaur skeleton (D:5)
  11 orc wizards (D:7)
  A gnoll shaman (D:6)
  3 scorpions
  3 worker ants
  2 iguanas
  A hound zombie (D:6)
  13 adders
  3 giant centipedes (D:5)
  6 gnolls
  2 green rats (Sewer)
  A worm zombie (D:6)
  A giant mite (D:1)
  4 worms
  An iguana skeleton (D:4)
  An iguana zombie (D:8)
  An adder skeleton (D:4)
  An adder zombie (D:5)
  18 grey rats (Sewer)
  A giant eyeball (D:4)
  5 giant geckos
  An ooze (D:5)
  9 orcs
  6 ball pythons
  3 bat zombies
  17 hobgoblins
  7 bats
  6 giant cockroaches
  3 giant newts
  14 goblins
  13 jackals
  19 kobolds
  A kobold zombie (D:7)
  4 quokkas
  A quokka skeleton (D:6)
  18 rats
  A rat skeleton (D:5)
  4 bushes (D:7)
  A fungus (D:7)
  5 plants (D:7)
231 creatures vanquished.

Vanquished Creatures (collateral kills)
  4 kobolds (Sewer)
4 creatures vanquished.

Vanquished Creatures (others)
  A giant spore (D:7)
1 creature vanquished.

Grand Total: 236 creatures vanquished

Notes
Turn   | Place    | Note
--------------------------------------------------------------
     0 | D:1      | anp, the Minotaur Berserker, began the quest for the Orb.
     0 | D:1      | Reached XP level 1. HP: 19/19 MP: 0/0
    77 | D:1      | Reached XP level 2. HP: 26/26 MP: 0/0
   693 | D:1      | Reached skill level 4 in Axes
  1296 | D:1      | Reached XP level 3. HP: 28/33 MP: 1/1
  2049 | D:2      | Reached XP level 4. HP: 13/40 MP: 1/1
  2365 | D:2      | Found a sparkling altar of Nemelex Xobeh.
  2388 | D:2      | Reached skill level 5 in Axes
  2438 | D:2      | Acquired Trog's second power
  2811 | D:3      | Noticed Nicoed's ghost (average DsFi)
  2822 | D:3      | Killed Nicoed's ghost
  2822 | D:3      | Reached XP level 5. HP: 40/47 MP: 1/1
  3267 | D:3      | Reached skill level 5 in Fighting
  3725 | D:4      | Reached skill level 1 in Stealth
  3725 | D:4      | Reached XP level 6. HP: 45/53 MP: 2/2
  4060 | D:4      | Gained mutation: You are agile. (Dex +2) [potion of beneficial mutation]
  4693 | D:5      | Entered Level 5 of the Dungeon
  4705 | D:5      | Found a glowing drain.
  4780 | Sewer    | Entered a sewer
  4798 | Sewer    | Reached skill level 6 in Axes
  5098 | Sewer    | Reached skill level 5 in Dodging
  5154 | Sewer    | Acquired Trog's third power
  5183 | Sewer    | Reached XP level 7. HP: 38/60 MP: 2/2
  5919 | D:5      | Reached skill level 7 in Axes
  6413 | D:5      | Reached XP level 8. HP: 58/69 MP: 2/2
  6418 | D:5      | Got a dull robe
  6422 | D:5      | Got a brightly glowing long sword
  7922 | D:7      | Reached skill level 8 in Axes
  8187 | D:7      | Received a gift from Trog
  8647 | D:7      | Found a staircase to the Ecumenical Temple.
  9531 | D:8      | Noticed Edmund
  9540 | D:8      | Killed Edmund
  9540 | D:8      | Reached XP level 9. HP: 19/77 MP: 1/3
  9540 | D:8      | HP: 3/115 [centaur/arrow of flame (14)]
  9540 | D:8      | Shot with an arrow by a centaur

Action                   |  1- 3 |  4- 6 |  7- 9 || total
-------------------------+-------+-------+-------++-------
Melee: Hand axe          |    77 |   126 |       ||   203
       War axe           |       |    38 |   415 ||   453
Invok: Berserk           |     1 |     2 |     2 ||     5
       Brothers in Arms  |       |       |     1 ||     1
       Burn Spellbooks   |       |       |     1 ||     1
  Use: Scroll            |     9 |     7 |     7 ||    23
       Potion            |       |     5 |     2 ||     7
 Stab: Sleeping          |       |     2 |     1 ||     3
